 Dungeon Crawl Stone Soup version 0.30-a0-743-gbfdf073431 (console) character file.

Game seed: 8118856194468542687

217 Ignak the Sneak (level 5, 0/33 HPs)
             Began as an Octopode Hedge Wizard on Feb 6, 2023.
             Killed from afar by an orc wizard (7 damage)
             ... with a magic dart
             ... on level 3 of the Dungeon.
             The game lasted 00:07:11 (2795 turns).

Ignak the Sneak (Octopode Hedge Wizard)             Turns: 2795, Time: 00:07:12

Health: 0/33       AC:  1    Str: 11    XL:     5   Next: 94%
Magic:  13/19      EV: 13    Int: 22    God:
Gold:   152        SH:  0    Dex: 11    Spells: 2/10 levels left

rFire   . . .      SeeInvis .    j - +5 flail {freeze, Fragile MP+9 Str+2 Int+3}
rCold   . . .      Faith    .    (no shield)
rNeg    . . .      Spirit   .    b - +0 hat
rPois   .          Reflect  .    (no amulet)
rElec   .          Harm     .    (no ring)
rCorr   .          Rampage  .    (no ring)
Will    .....                    (no ring)
Stlth   +++                      (no ring)
HPRegen 0.25/turn                (no ring)
MPRegen 0.16/turn                (no ring)
                                 (no ring)
                                 (no ring)

@: no status effects
A: almost no armour, amphibious, 8 rings, camouflage 1, gelatinous body 1,
(nimble swimmer 1), tentacles
a: no special abilities


You were on level 3 of the Dungeon.
You visited 1 branch of the dungeon, and saw 4 of its levels.

You collected 152 gold pieces.

Inventory:

Hand Weapons
 a - a +3 dagger
 j - the +5 flail of Massacring (weapon) {freeze, Fragile MP+9 Str+2 Int+3}
   (You found it on level 3 of the Dungeon)

   Str:       It affects your strength (+2).
   Int:       It affects your intelligence (+3).
   MP:        It affects your magic capacity (+9).
   Fragile:   It will be destroyed if unequipped.
 q - a +0 short sword of venom
Armour
 b - a +0 hat (worn)
 f - a +0 kite shield
Wands
 k - a wand of roots (14)
 o - a wand of digging (1)
Scrolls
 e - a scroll of teleportation {unknown}
 i - 3 scrolls of amnesia
 n - a scroll of butterflies
 r - 3 scrolls of enchant armour {unknown}
Potions
 c - 2 potions of magic
 d - a potion of mutation
 g - 3 potions of might
 h - a potion of curing
 l - a potion of haste
 m - a potion of heal wounds
 p - a potion of lignification {unknown}


   Skills:
 + Level 1.0 Fighting
 + Level 1.1 Short Blades
 + Level 2.6 Dodging
 + Level 3.7 Stealth
 + Level 1.2 Shields
 - Level 1.0 Unarmed Combat
 + Level 3.3 Spellcasting
 + Level 1.9 Conjurations
 + Level 1.7 Summonings
 + Level 1.9 Translocations
 + Level 1.2 Air Magic
 + Level 1.1 Poison Magic


You had 2 spell levels left.
You knew the following spells:

 Your Spells              Type           Power      Damage    Failure   Level
a - Magic Dart            Conj           48%        1d5       5%          1
b - Blink                 Tloc           24%        N/A       9%          2
d - Mephitic Cloud        Conj/Pois/Air  10%        N/A       21%         3
e - Call Imp              Summ           11%        N/A       9%          2

Your spell library contained the following spells:

 Spells                   Type           Power      Damage    Failure   Level
 Slow                     Hex            12%        N/A       12%         1
 Cigotuvi's Dreadful Rot  Necr/Pois/Air  14%        N/A       13%         2
 Gell's Gravitas          Tloc           12%        N/A       16%         3
 Teleport Other           Tloc           12%        N/A       16%         3
 Dispersal                Tloc           6%         N/A       100%        6


Dungeon Overview and Level Annotations

Branches:
Dungeon (4/15)
 Temple: D:4-7

Altars:

Shops:
D:3 =


Innate Abilities, Weirdness & Mutations

You cannot wear most types of armour.
You are amphibious.
You can wear up to eight rings at the same time.
Your skin changes colour to match your surroundings (Stealth+).
Your rubbery body absorbs attacks. (AC +1, EV +1)
((You are camouflaged when in or above water. (Stealth+)))
You have tentacles for arms and can constrict up to eight enemies at once.


Message History

The orc wizard closely misses you. The orc hits you with a +0 flail!
The orc hits you with a +0 dagger.
You hit the orc wizard. You freeze the orc wizard. You grab the orc wizard.
The orc wizard is heavily wounded.
You constrict the orc wizard.
The orc wizard hits you with a +0 dagger.
The orc misses you. The orc hits you with a +0 dagger.
The orc wizard hits you with a +0 dagger.
The orc hits you with a +0 flail.
* * * LOW HITPOINT WARNING * * *
The orc hits you with a +0 dagger.
* * * LOW HITPOINT WARNING * * *
Casting: Call Imp (safe; 9% risk of failure)
Confirm with . or Enter, or press ? or * to list all spells.
You blink.
You lose your grip on the orc wizard.
Casting: Blink (safe; 9% risk of failure)
Confirm with . or Enter, or press ? or * to list all spells.
A beastly little devil appears in a puff of flame.
The orc wizard gestures wildly while chanting.
The orc wizard flickers and vanishes!
Deactivating autopickup; reactivate with Ctrl-A.
The orc misses you.
You swap places.
The orc misses your crimson imp.
Your crimson imp blinks!
Your crimson imp hits something.
Casting: Call Imp (safe; 9% risk of failure)
Confirm with . or Enter, or press ? or * to list all spells.
The spell is quite dangerous to miscast (21% risk of failure)!
Continue anyway?
Aiming: Mephitic Cloud (quite dangerous; 21% risk of failure)
Press: ? - help, Shift-Dir - straight line, f - orc
Aim: an orc, wielding a +0 flail and wearing a +0 chain mail (chance to affect: 96%)
The ball explodes into a vile cloud!
The stinking cloud engulfs the orc but does no damage.
You feel stable enough to blink again.
The orc is engulfed in noxious fumes.
The orc appears confused.
The orc misses something.
The orc hits itself with a +0 flail!
The orc is killed!
A magic dart appears from out of thin air!
The magic dart hits you!
You die...

#.#.#######.#
#[#.#......5######
...........>...).#
#.#.#.#####.####.#
............# #{#
..#.#.#####.# #.#
#...#.# #.# #.#
#.###.# #.# #.#
#.###.# #.# #@#
#...#.# #.# #.#
..#.#.# #.# #.#
..#.#.# #.####.#
†.#.#.# #......#
..'.#.# #..#######
..###.#
###..#.....#
..###.#
#....##.#)##
#.....#
#.##.##.#.#


There were no monsters in sight!

Vanquished Creatures
  A necrophage (D:4)
  Crazy Yiuf (D:3)
  3 adders (D:2)
  A gnoll (D:1)
  A worm (D:3)
  An orc (D:3)
  5 bats
  6 endoplasms
  15 giant cockroaches
  3 goblins
  3 hobgoblins
  8 jackals
  5 kobolds
  3 quokkas (D:1)
  5 ball pythons
  2 frilled lizards (D:3)
  3 rats
66 creatures vanquished.

Vanquished Creatures (collateral kills)
  3 worms (D:2)
  A ball python (D:1)
  A bat (D:1)
  A goblin (D:2)
6 creatures vanquished.

Vanquished Creatures (others)
  2 plants (D:4)
2 creatures vanquished.

Grand Total: 74 creatures vanquished

Notes
Turn   | Place    | Note
-------+----------+-------------------------------------------
     0 | D:1      | Ignak the Octopode Hedge Wizard began the quest for the
                  | Orb.
     0 | D:1      | Reached XP level 1. HP: 11/11 MP: 4/4
    75 | D:1      | Reached XP level 2. HP: 17/17 MP: 6/6
    84 | D:1      | Learned a level 2 spell: Blink
    87 | D:1      | Learned a level 2 spell: Call Imp
   430 | D:1      | Reached XP level 3. HP: 20/21 MP: 4/7
   510 | D:1      | Learned a level 3 spell: Mephitic Cloud
  1191 | D:2      | Reached XP level 4. HP: 27/27 MP: 5/8
  1857 | D:3      | Identified the +5 flail of Massacring {freeze, Fragile MP+9
                  | Str+2 Int+3}
  2017 | D:3      | Reached skill level 1 in Shields
  2264 | D:3      | Reached XP level 5. HP: 32/32 MP: 9/9
  2264 | D:3      | Found Veneath's Jewellery Shoppe.
  2595 | D:3      | Found a runed translucent door.
  2596 | D:3      | Noticed Crazy Yiuf
  2605 | D:3      | Killed Crazy Yiuf
  2606 | D:3      | Reached skill level 1 in Short Blades
  2730 | D:4      | Reached skill level 1 in Fighting
  2730 | D:4      | Reached skill level 1 in Unarmed Combat
  2730 | D:4      | Reached skill level 1 in Air Magic
  2730 | D:4      | Reached skill level 1 in Poison Magic
  2795 | D:3      | Killed from afar by an orc wizard

Illustrated notes

Levels and vault maps discovered:
D:1:      zelgadis_glass_arrival_small, layout_basic, minmay_misc_feat_encased,
          minmay_liquid_box
D:2:      minmay_roachtagon, layout_loops_cross, minmay_tiny_reverse_x
D:3:      layout_basic, serial_shops, shop, serial_park_tiny_1,
          uniq_crazy_yiuf_cottage
D:4:      layout_loops_cross, serial_bayou_lake_a

Skill      XL: |  1  2  3  4  5 |
---------------+----------------+-----
Stealth        | 3 |  3.7
Shields        | 1 |  1.2
Short Blades   | 1 |  1.1
Fighting       | 1 |  1.0
Unarmed Combat | 1 |  1.0
Air Magic      | 1 |  1.2
Poison Magic   | 1 |  1.1
Dodging        | |  2.6
Spellcasting   | |  3.3
Conjurations   | |  1.9
Summonings     | |  1.7
Translocations | |  1.9

Action                     |  1- 3 |  4- 6 || total
---------------------------+-------+-------++-------
  Melee: Dagger            |    62 |     1 ||    63
         Constrict         |    23 |    24 ||    47
         Tentacles         |     9 |     9 ||    18
         Short sword       |    12 |    53 ||    65
         Flail             |       |    27 ||    27
   Cast: Call Imp          |     8 |     8 ||    16
         Blink             |     1 |     2 ||     3
         Mephitic Cloud    |       |     3 ||     3
    Use: Scroll            |       |     5 ||     5
         Potion            |       |     5 ||     5
   Stab: Sleeping          |     7 |    10 ||    17
         Confused          |       |     1 ||     1
 Armour: Skin              |    13 |     7 ||    20
  Dodge: Dodged            |    65 |    73 ||   138

Table legend: (Time is in decaauts)
 A = Elapsed time spent in this place.
 B = Non-inter-level travel time spent in this place.
 C = Inter-level travel time spent in this place.
 D = Time resting spent in this place.
 E = Time spent auto-exploring this place.
 F = Levels seen in this place.
 G = Mean time per level.
                   A        B        C        D        E       F      G
               +--------+--------+--------+--------+--------+-----+--------+
         Total |   2802 |   2753 |     49 |     96 |   1822 |   4 |  700.5 |
       Dungeon |   2802 |   2753 |     49 |     96 |   1822 |   4 |  700.5 |
               +--------+--------+--------+--------+--------+-----+--------+

Top non-repeatable levels by time:
     D:2: 989 daAuts
     D:3: 947 daAuts
     D:1: 825 daAuts
     D:4: 40 daAuts
